 Dungeon Crawl Stone Soup version 0.27.1-33-g824d729ab1 (webtiles) character file.

Game seed: 2235760443291238394

29 Gabide the Poker (level 3, 0/29 HPs)
             Began as a Human Monk on Nov 26, 2021.
             Slain by an adder (4 damage)
             ... on level 4 of the Dungeon.
             The game lasted 00:02:26 (953 turns).

Gabide the Poker (Human Monk)                        Turns: 953, Time: 00:02:27

Health: 0/29       AC:  2    Str: 12    XL:     3   Next: 32%
Magic:  3/3        EV: 13    Int: 10    God:
Gold:   22         SH:  0    Dex: 15    Spells: 2/2 levels left

rFire    . . .     SeeInvis .   c - +2 spear (vamp)
rCold    . . .     Faith    .   (no shield)
rNeg     . . .     Spirit   .   b - +0 robe
rPois    .         Reflect  .   (no helmet)
rElec    .         Harm     .   (no cloak)
rCorr    .         Rampage  .   (no gloves)
Will     .....                  (no boots)
Stlth    ++........             (no amulet)
HPRegen  0.09/turn              (no ring)
MPRegen  0.08/turn              (no ring)

@: lethally poisoned (0 -> -2), weak-willed
A: no striking features
a: no special abilities


You were on level 4 of the Dungeon.
You visited 1 branch of the dungeon, and saw 3 of its levels.

You collected 22 gold pieces.

Inventory:

Hand Weapons
 c - a +2 vampiric spear (weapon)
Armour
 b - a +0 robe (worn)
Potions
 d - a potion of resistance


   Skills:
 + Level 3.2 Fighting
 + Level 3.4 Polearms
 + Level 3.3 Dodging
 + Level 2.4 Stealth


You had 2 spell levels left.
You didn't know any spells.
Your spell library contained the following spells:

 Spells                   Type           Power      Damage    Failure   Level
 Gell's Gravitas          Tloc           0%         N/A       75%         3
 Teleport Other           Tloc           0%         N/A       75%         3
 Dispersal                Tloc           0%         N/A       100%        6


Dungeon Overview and Level Annotations

Branches:
Dungeon (2/15)

Altars:
Ashenzari

Shops:
D:1 (


Message History

a - a scroll labelled ISIONI ROCAXAY The phantom barely misses you.
As you read the scroll labelled ISIONI ROCAXAY, it crumbles to dust.
Magic quickly surges around you.
It was a scroll of vulnerability.
The phantom hits you.
The phantom blinks!
You blink.
Found 24 stones.
A howler monkey skeleton comes into view.
An adder and a zombie come into view.
Found a hunting sling.
An iguana, a jelly, a goblin and a skeleton come into view.
Found a golden potion and a manual of Ice Magic.
The howler monkey skeleton barely misses you.
You aren't carrying any scrolls.
The adder hisses angrily.
The iguana hisses angrily.
The howler monkey skeleton completely misses you.
The phantom hits you.
The phantom blinks!
You blink.
The goblin shouts!
The iguana closely misses you. The goblin hits you but does no damage.
The adder barely misses you. The iguana misses you.
The hound skeleton bites you. The hound zombie bites you.
The goblin closely misses you.
The hound zombie bites you but does no damage.
Unknown command.
The goblin unwields a +0 dagger.
The goblin wields a +0 hunting sling.
The goblin shoots a sling bullet.
The sling bullet hits you. The adder bites you.
You are poisoned.
The adder poisons you!
You feel sick. The hound zombie closely misses you.
The hound zombie bites you but does no damage.
You see here a +0 hunting sling.
You feel sick. The hound skeleton bites you.
* * * LOW HITPOINT WARNING * * *
You feel sick.
You feel sick. The iguana bites you.
* * * LOW HITPOINT WARNING * * *
You puncture the adder!
You feel better.
The adder is severely wounded.
You feel sick. The adder bites you.
You die...

#### ####...#
##........## ##
##... #....####(
##..##### #........
#.@##...## #.......
#S#lW...:###.......
#Z.g......##....>..
##....!...##......#
##.......#.......#
##.....##.......#
#.....#...######
#....#..#.#
#......##.(.


You could see a phantom (weak-willed), an iguana, an adder, a hound zombie and a
goblin.

Vanquished Creatures
  An adder skeleton (D:4)
  3 endoplasms (D:1)
  2 giant cockroaches (D:1)
  3 goblins (D:1)
  3 hobgoblins (D:1)
  2 kobolds (D:1)
  A quokka (D:1)
  2 ball pythons (D:1)
  4 frilled lizards
  4 rats (D:1)
25 creatures vanquished.

Notes
Turn   | Place    | Note
-------+----------+-------------------------------------------
     0 | D:1      | Gabide the Human Monk began the quest for the Orb.
     0 | D:1      | Reached XP level 1. HP: 18/18 MP: 1/1
   315 | D:1      | Reached XP level 2. HP: 24/24 MP: 2/2
   408 | D:1      | Found Patwecvi's Weapon Shop.
   445 | D:1      | Reached XP level 3. HP: 7/29 MP: 3/3
   767 | D:1      | Found a faded altar of an unknown god.
   911 | D:2      | You fall into a shaft and drop 2 floors!
   912 | D:4      | Found a broken altar of Ashenzari.
   922 | D:4      | Noticed a phantom
   953 | D:4      | Slain by an adder

Illustrated notes

Levels and vault maps discovered:
D:1:      roderic_crossed_star, layout_rooms, serial_shops, shop,
          hellmonk_ecumenical_altar_run_dry, minmay_tetromino_i4
D:2:      cheibrodos_pilgrimage, layout_basic, amethyst_killhole, minivault_26
D:4:      layout_rooms, mainiacjoe_overflow_concentric_impassable,
          pdpol_wu_jian_five_deadly_venoms, nicolae_ashenzari_panopticon,
          minmay_manual_moon

Action                   || total
-------------------------++-------
Melee: Spear             ||    74
  Use: Potion            ||     2
       Scroll            ||     1
 Stab: Sleeping          ||     8
Armor: Robe              ||    11
Dodge: Dodged            ||    45
